 Dungeon Crawl Stone Soup version 0.28-a0-998-gb9e9c7b67e (webtiles) character file.

Game seed: 9802254794518750100

212 ytrimaz the Insei (level 5, -1/36 HPs)
             Began as an Octopode Chaos Knight on Dec 6, 2021.
             Was a Follower of Ru.
             Slain by an endoplasm (2 damage)
             ... on level 3 of the Dungeon.
             The game lasted 00:03:46 (2421 turns).

ytrimaz the Insei (Octopode Chaos Knight)           Turns: 2421, Time: 00:03:47

Health: -1/36      AC:  1    Str: 11    XL:     5   Next: 90%
Magic:  5/7        EV: 14    Int: 14    God:    Ru [*.....]
Gold:   115        SH:  0    Dex: 12    Spells: 7/7 levels left

rFire   + . .      SeeInvis .     - Unarmed
rCold   + . .      Faith    .   (no shield)
rNeg    . . .      Spirit   .   (helmet restricted)
rPois   +          Reflect  .   f - amulet of the acrobat
rElec   +          Harm     .   (no ring)
rCorr   +          Rampage  .   (no ring)
Will    .....                   (no ring)
Stlth   ++........              (no ring)
HPRegen 0.12/turn               (no ring)
MPRegen 0.10/turn               (no ring)
                                (no ring)
                                (no ring)

@: resistant
A: almost no armour, amphibious, 8 rings, camouflage 1, gelatinous body 1,
unskilled 1, (nimble swimmer 1), tentacles, deterioration 1, dopey 1
a: Renounce Religion


You were on level 3 of the Dungeon.
You worshipped Ru.
Ru was aware of your devotion.
You visited 1 branch of the dungeon, and saw 3 of its levels.

You collected 115 gold pieces.

Inventory:

Jewellery
 f - an amulet of the acrobat (around mantle)
Scrolls
 a - a scroll of amnesia
 g - a scroll of fog
Potions
 c - 2 potions of curing
 d - 2 potions of lignification


   Skills:
 + Level 3.3 Fighting
 * Level 3.5 Dodging
 + Level 4.1 Unarmed Combat
 * Level 1.5 Spellcasting


You had 7 spell levels left.
You didn't know any spells.
Your spell library contained the following spells:

 Spells                   Type           Power      Damage    Failure   Level
 Summon Small Mammal      Summ           4%         N/A       26%         1
 Sublimation of Blood     Necr           1%         N/A       36%         2
 Wereblood                Tmut           1%         N/A       36%         2
 Call Canine Familiar     Summ           1%         N/A       58%         3
 Gell's Gravitas          Tloc           1%         N/A       58%         3
 Lesser Beckoning         Tloc           1%         N/A       58%         3
 Summon Guardian Golem    Hex/Summ       1%         N/A       58%         3
 Teleport Other           Tloc           1%         N/A       58%         3
 Summon Hydra             Summ           0%         N/A       100%        7


Dungeon Overview and Level Annotations

Branches:
Dungeon (3/15)

Altars:
Ru


Innate Abilities, Weirdness & Mutations

You cannot wear most types of armour.
You are amphibious.
You can wear up to eight rings at the same time.
Your skin changes colour to match your surroundings (Stealth+).
Your rubbery body absorbs attacks. (AC +1, EV +1)
You are somewhat unskilled. (-1 Apt)
((You are camouflaged near water. (Stealth+)))
You have tentacles for arms and can constrict up to eight enemies at once.
Your body sometimes deteriorates upon taking damage.
You are dopey. (Int -2)


Message History

The giant cockroach bites you but does no damage.
You tentacle-slap the giant cockroach but do no damage.
The giant cockroach barely misses you.
Unknown command.
Unknown command.
You closely miss the giant cockroach. The ball python closely misses you. x2
The giant cockroach misses you.
Unknown command.
The giant cockroach waves its antennae.
The ball python completely misses you. x2
Unknown command.
You barely miss the ball python. The ball python misses you.
The ball python grabs you. The ball python constricts you.
* * * LOW HITPOINT WARNING * * *
Unknown command.
You bump into the rock wall.
You feel less confused. The ball python bites you.
* * * LOW HITPOINT WARNING * * *
The ball python constricts you.
Unknown command.
You tentacle-slap the ball python.
You kill the ball python!
The giant cockroach closely misses you.
Unknown command.
You barely miss the giant cockroach. You grab the giant cockroach.
Your squeeze misses the giant cockroach.
You constrict the giant cockroach.
The giant cockroach completely misses you.
Unknown command.
You tentacle-slap the giant cockroach but do no damage.
You tentacle-slap the giant cockroach, but do no damage.
You squeeze the giant cockroach.
You kill the giant cockroach!
Unknown command.
Unknown command.
You tentacle-slap the endoplasm.
The endoplasm is almost dead.
The endoplasm hits you.
You die...

..# <.# .$# #.#
# #.# #.##.#
#....####
#@.<.#
#.#####J##.###.
#......)..^....
...#...).....##
.............#
.............#
....##########
.... ...


You could see an endoplasm.

Vanquished Creatures
  Sigmund (D:3)
  3 dart slugs
  An orc (D:2)
  7 endoplasms
  5 giant cockroaches
  6 goblins
  5 hobgoblins
  A quokka (D:2)
  8 ball pythons
  3 bats
  2 kobolds (D:1)
  6 rats
48 creatures vanquished.

Notes
Turn   | Place    | Note
-------+----------+-------------------------------------------
     0 | D:1      | ytrimaz the Octopode Chaos Knight began the quest for the
                  | Orb.
     0 | D:1      | Reached XP level 1. HP: 16/16 MP: 1/1
   141 | D:1      | Reached XP level 2. HP: 18/21 MP: 2/2
   222 | D:1      | XOM: silly message
   343 | D:1      | XOM: silly message
   433 | D:1      | XOM: butterfly on damage
   554 | D:1      | XOM: silly message
   645 | D:1      | Found a faded altar of an unknown god.
   649 | D:1      | XOM: cast spell 'Shadow Creatures'
   669 | D:1      | Prayed at the altar of an unknown god.
   669 | D:1      | Fell from the grace of Xom
   669 | D:1      | Became a worshipper of Ru the Awakened
   684 | D:1      | Gained mutation: You are somewhat unskilled. (-1 Apt) [Ru
                  | sacrifice]
   684 | D:1      | Reduced skill Unarmed Combat to level 2
   684 | D:1      | Reached * piety under Ru
   707 | D:1      | Reached skill level 3 in Unarmed Combat
   715 | D:1      | Reached XP level 3. HP: 25/26 MP: 3/3
  1258 | D:2      | XOM: give mutations
  1258 | D:2      | Gained mutation: Your magical capacity is low. (-10% MP)
                  | [Xom's mischief]
  1258 | D:2      | Gained mutation: Your body sometimes deteriorates upon
                  | taking damage. [Xom's mischief]
  1258 | D:2      | Lost mutation: Your magical capacity is low. (-10% MP)
                  | [Xom's mischief]
  1258 | D:2      | Gained mutation: You are dopey. (Int -2) [Xom's mischief]
  1483 | D:2      | XOM: 3-stop teleportation journey
  2400 | D:3      | Noticed Sigmund
  2411 | D:3      | Killed Sigmund
  2412 | D:3      | Reached skill level 4 in Unarmed Combat
  2412 | D:3      | Reached skill level 1 in Spellcasting
  2412 | D:3      | Reached XP level 4. HP: 2/31 MP: 4/6
  2412 | D:3      | Reached XP level 5. HP: 3/36 MP: 4/7
  2417 | D:3      | HP: 1/36 [ball python (2)]
  2421 | D:3      | Slain by an endoplasm

Illustrated notes

Levels and vault maps discovered:
D:1:      dpeg_arrival_stonehenge_8_columns, layout_loops_cross,
          basic_ecumenical_altar
D:2:      layout_loops_cross, minmay_pentomino_p4
D:3:      layout_rooms, lightli_corner_chamber, uniq_sigmund, uniq_natasha,
          uniq_ijyb

Skill      XL: |  1  2  3 |
---------------+----------+-----
Fighting       | 3 |  3.3
Unarmed Combat | 3 4 |  4.1
Dodging        | 3 |  3.5
Spellcasting   | 1 |  1.5

Action                   |  1- 3 |  4- 6 || total
-------------------------+-------+-------++-------
Melee: Unarmed           |   112 |     7 ||   119
       Constrict         |    26 |     1 ||    27
       Tentacles         |    14 |     1 ||    15
       Punch             |     2 |     1 ||     3
Invok: Sacrifice Skill   |     1 |       ||     1
  Use: Scroll            |     8 |       ||     8
       Potion            |     1 |       ||     1
 Stab: Sleeping          |     7 |       ||     7
Armor: Skin              |    12 |     1 ||    13
Dodge: Dodged            |   107 |    10 ||   117

Table legend: (Time is in decaauts)
 A = Elapsed time spent in this place.
 B = Non-inter-level travel time spent in this place.
 C = Inter-level travel time spent in this place.
 D = Time resting spent in this place.
 E = Time spent auto-exploring this place.
 F = Levels seen in this place.
 G = Mean time per level.
                   A        B        C        D        E       F      G
               +--------+--------+--------+--------+--------+-----+--------+
         Total |   2414 |   2382 |     32 |    306 |   1655 |   3 |  804.7 |
       Dungeon |   2414 |   2382 |     32 |    306 |   1655 |   3 |  804.7 |
               +--------+--------+--------+--------+--------+-----+--------+

Top non-repeatable levels by time:
     D:2: 1344 daAuts
     D:1: 1048 daAuts
     D:3: 21 daAuts
